 Dungeon Crawl Stone Soup version 0.32-a0-666-ge8a88695a4 (webtiles) character file.

Game seed: 12808529450214760162

2894 greatzebu the Arsonist (level 9, -1/70 HPs)
             Began as a Mountain Dwarf Fire Elementalist on Mar 10, 2024.
             Was a Follower of Vehumet.
             Engulfed by a cloud of flame (21 damage)
             ... on level 7 of the Dungeon.
             The game lasted 01:02:23 (6559 turns).

greatzebu the Arsonist (MDFE)                       Turns: 6559, Time: 01:02:24

Health: -1/70      AC:  5    Str: 11    XL:     9   Next: 48%
Magic:  10/17      EV: 17    Int: 20    God:    Vehumet [*.....]
Gold:   373        SH:  0    Dex: 10    Spells: 4/19 levels left

rFire   . . .        K - +0 war axe
rCold   . . .        i - orb {*channel}
rNeg    . . .        R - +0 leather armour {rPois}
rPois   +            I - +2 hat
rElec   .            (no cloak)
rCorr   .            (no gloves)
SInv    .            (no boots)
Will    .....        (no amulet)
Stlth   ++           j - +5 ring of evasion
HPRegen 0.31/turn    n - ring of wizardry
MPRegen 0.15/turn

%: wizardry (x1), channel magic (20%)
@: no status effects
A: runic magic, artefact enchanting
a: Renounce Religion


You were on level 7 of the Dungeon.
You worshipped Vehumet.
Vehumet was aware of your devotion.
You visited 2 branches of the dungeon, and saw 9 of its levels.

You collected 373 gold pieces.

Inventory:

Hand Weapons
 c - a +0 short sword
 f - a +0 flail of holy wrath
 o - a +0 hand axe
 K - a +0 war axe (weapon)
 Q - the +7 short sword of Ru, Bedazzling {heavy, rPois Str+5 SInv Stlth-}
   (You found it on level 7 of the Dungeon)

   Str+5:     It affects your strength (+5).
   rPois:     It protects you from poison.
   SInv:      It lets you see invisible.
   Stlth-:    It makes you less stealthy.
 S - a +0 battleaxe
Missiles
 p - 4 atropa-tipped darts
 v - 4 darts of dispersal
 C - 3 poisoned darts
 E - 11 boomerangs
Armour
 a - a +0 chain mail
 i - an orb of energy (worn)
 w - a +0 ring mail
 I - a +2 hat (worn)
 M - a +1 leather armour of positive energy
 R - a +0 leather armour of poison resistance (worn)
Jewellery
 j - a +5 ring of evasion (left hand)
 n - a ring of wizardry (right hand)
 z - a ring of positive energy
 L - a +4 ring of protection
 T - a +6 ring of intelligence
 U - a ring of willpower
Wands
 h - a wand of paralysis (11)
 F - a wand of flame (1)
 H - a wand of roots (11)
Scrolls
 d - a scroll of fear
 e - 2 scrolls of vulnerability {unknown}
 k - 7 scrolls of identify {unknown}
 l - a scroll of fog {unknown}
 r - a scroll of enchant weapon {unknown}
 y - a scroll of silence {unknown}
 B - a scroll of torment {unknown}
 G - 3 scrolls of teleportation {unknown}
 J - a scroll of amnesia {unknown}
 O - a scroll of poison {unknown}
 P - a scroll of noise {unknown}
Potions
 b - 2 potions of magic
 g - 3 potions of attraction {unknown}
 m - a potion of heal wounds {unknown}
 q - 2 potions of degeneration {unknown}
 s - a potion of ambrosia {unknown}
 t - 2 potions of resistance {unknown}
 u - 2 potions of brilliance {unknown}
 x - a potion of might {unknown}
 A - a potion of haste {unknown}
 N - a potion of cancellation {unknown}


   Skills:
 + Level 3.6 Fighting
 + Level 1.1 Short Blades
 + Level 4.4 Axes
 + Level 3.9 Armour
 + Level 3.2 Dodging
 + Level 2.6 Stealth
 + Level 5.8 Spellcasting
 + Level 2.8 Conjurations
 + Level 9.1 Fire Magic
 + Level 1.2 Evocations


You had 4 spell levels left.
You knew the following spells:

 Your Spells              Type           Power      Damage    Failure   Level
a - Foxfire               Conj/Fire      100%       2x1d9     2%          1
b - Scorch                Fire           84%        2d8       1%          2
c - Flame Wave            Conj/Fire      29%        2d9       10%         4
d - Fireball              Conj/Fire      14%        3d8       21%         5
e - Swiftness             Air            5%         N/A       26%         3

Your spell library contained the following spells:

 Spells                   Type           Power      Damage    Failure   Level
 Shock                    Conj/Air       44%        1d5       7%          1
 Inner Flame              Hex/Fire       24%        N/A       6%          3
 Volatile Blastmotes      Fire/Tloc      48%        2d14      6%          3
 Ensorcelled Hibernation  Hex/Ice        10%        N/A       16%         2
 Passwall                 Erth           5%         N/A       26%         3
 Brom's Barrelling Bould  Conj/Erth      11%        2d3       38%         4
 Iskenderun's Battlesphe  Conj           17%        2d7       52%         5
 Conjure Ball Lightning   Conj/Air       5%         3x3d6     99%         6
 Orb of Destruction       Conj           8%         9d6       100%        7


Dungeon Overview and Level Annotations

Branches:
Dungeon (8/15)             Temple (1/1) D:5
   Lair: D:8-11

Altars:
Ashenzari
Cheibriados
Dithmenos
Elyvilon
Gozag
Hepliaklqana
Makhleb
Nemelex Xobeh
Okawaru
Sif Muna
Trog
Uskayaw
Vehumet
Xom
Yredelemnul
Zin
The Shining One

Shops:
D:4 (

Annotations:
D:4 2 transporters, DeathSocks's ghost, novice KoHs


Innate Abilities, Weirdness & Mutations

Your spellcasting is much less encumbered by armour.
You can use scrolls of enchantment on lesser artefacts.


Message History

The flame wave engulfs the slime creature!
The slime creature is burned terribly!
The slime creature is moderately wounded. (Press . to intensify the flame waves.)
The slime creature is no longer more vulnerable to fire.
The slime creature hits you!
A wave of flame ripples out!
The flame wave engulfs the slime creature.
The slime creature is moderately wounded.
The tree burns like a torch!
The slime creature closely misses you.
Unknown command.
Unknown command.
A wave of flame ripples out!
The flame wave engulfs the slime creature!
The slime creature is moderately wounded.
The flame wave engulfs the slime creature!
The slime creature is moderately wounded.
The tree burns like a torch!
You finish channelling waves of flame.
You are engulfed in blazing flames.
The slime creature is engulfed in blazing flames.
The slime creature closely misses you.
The slime creature is engulfed in a forest fire.
Press: ? - help, v - describe, . - travel The floor.
Unknown command.
Casting: Flame Wave (dangerous; 10% risk of failure)
Confirm with . or Enter, or press ? or * to list all spells.
Flames lash the slime creature.
The slime creature is severely wounded.
The slime creature's fire resistance burns away.
Magical energy flows into your mind!
You are engulfed in blazing flames.
* * * LOW HITPOINT WARNING * * *
The slime creature is engulfed in blazing flames.
The slime creature barely misses you.
The slime creature is engulfed in blazing flames.
The slime creature hits you.
* * * LOW HITPOINT WARNING * * *
The forest fire spreads! x2
You feel better.
You are engulfed in blazing flames.
You die...

# #.......# ............
#.......# ............
#..>....# ##..........
##......# ####....... ##.....#
#######. #.#...# #.. ##.#.##
####### #.. #.### ##§§§§§##
#.# #..# #§§§@J§§# ##.. ##
##.# ##♣§§§J§§§§# ##.## .###
#.###.§§§§§§§§♣♣ ##..#
...####..##♣.§§§§§§..♣ ##..##
.....###.##♣..♣._.♣.♣♣# ##..##
......##..#♣..♣....♣..####J.##
....).##..#♣♣.♣♣♣♣♣.♣.......#
......###....♣.♣.♣.♣♣#####..#
........).###♣..♣.♣.# #..#


You could see 2 slime creatures.

Vanquished Creatures
  2 slime creatures (D:7)
  5 yaks (D:6)
  Edmund (D:5)
  2 water moccasins (D:7)
  An orc warrior (D:6)
  2 ogres
  2 centaurs (D:5)
  2 phantoms
  A wyvern zombie (D:7)
  A scorpion (D:4)
  A water moccasin zombie (D:7)
  3 killer bees
  A bombardier beetle (D:5)
  A crimson imp (D:4)
  A bullfrog zombie (D:7)
  3 hounds
  3 centaur zombies (D:7)
  An orc priest (D:6)
  Jessica (D:2)
  2 iguanas
  A sleepcap (D:5)
  3 orc wizards (D:6)
  A howler monkey zombie (D:7)
  7 adders
  A shadow imp (D:6)
  4 dart slugs
  6 orcs
  6 endoplasms
  6 giant cockroaches
  10 goblins
  4 hobgoblins
  4 jackals
  6 quokkas
  5 ball pythons
  2 bats
  7 kobolds
  7 rats
116 creatures vanquished.

Vanquished Creatures (others)
  151 foxfires
151 creatures vanquished.

Grand Total: 267 creatures vanquished

Notes
Turn   | Place    | Note
-------+----------+-------------------------------------------
     0 | D:1      | greatzebu the Mountain Dwarf Fire Elementalist began the
                  | quest for the Orb.
     0 | D:1      | Reached XP level 1. HP: 14/14 MP: 3/3
    76 | D:1      | Reached skill level 4 in Fire Magic
    80 | D:1      | Reached XP level 2. HP: 16/20 MP: 0/4
    84 | D:1      | Learned a level 2 spell: Scorch
   389 | D:2      | Reached XP level 3. HP: 18/26 MP: 2/6
  1110 | D:1      | Reached skill level 1 in Short Blades
  1299 | D:2      | Reached skill level 1 in Conjurations
  1386 | D:2      | Reached XP level 4. HP: 34/34 MP: 4/7
  1518 | D:2      | Found a shimmering altar of Xom.
  1816 | D:2      | Noticed Jessica
  1831 | D:2      | Killed Jessica
  2064 | D:3      | Reached skill level 1 in Armour
  2295 | D:3      | Reached skill level 1 in Fighting
  2592 | D:4      | Found Vojoacu's Weapon Boutique.
  2597 | D:4      | Noticed a scorpion
  2602 | D:4      | Killed a scorpion
  2603 | D:4      | Reached skill level 1 in Axes
  2603 | D:4      | Reached XP level 5. HP: 40/40 MP: 2/8
  2643 | D:4      | Noticed DeathSocks's ghost (novice KoHs)
  2644 | D:4      | Found a transporter.
  2646 | D:4      | Noticed an ogre
  2647 | D:4      | Noticed an ogre
  2648 | D:4      | Noticed an ogre
  2649 | D:4      | Identified the +6 giant spiked club "Tomaefis" {speed,
                  | rPois rF++ Int-5}
  2649 | D:4      | Noticed an ogre
  2653 | D:4      | Found a transporter.
  2660 | D:4      | Killed an ogre
  2661 | D:4      | Reached skill level 5 in Fire Magic
  2661 | D:4      | Reached XP level 6. HP: 18/48 MP: 2/9
  2763 | D:4      | Found a burning altar of Makhleb.
  2764 | D:4      | Found a radiant altar of Vehumet.
  2810 | D:4      | Became a worshipper of Vehumet
  3002 | D:5      | Entered Level 5 of the Dungeon
  3007 | D:5      | Found an opulent altar of Gozag.
  3007 | D:5      | Found an opulent altar of Gozag.
  3010 | D:5      | Found an opulent altar of Gozag.
  3479 | D:5      | Found an opulent altar of Gozag.
  3610 | D:5      | Found a glowing silver altar of Zin.
  3610 | D:5      | Noticed an angel
  3659 | D:5      | Found a staircase to the Ecumenical Temple.
  3672 | Temple   | Entered the Ecumenical Temple
  3719 | D:5      | Reached XP level 7. HP: 42/55 MP: 7/11
  4074 | D:5      | Noticed Edmund
  4196 | D:5      | Reached skill level 6 in Fire Magic
  4256 | D:5      | Killed Edmund
  4527 | D:7      | Identified the +7 short sword of Ru, Bedazzling {heavy,
                  | rPois Str+5 SInv Stlth-}
  4649 | D:7      | Reached * piety under Vehumet
  4649 | D:7      | Offered knowledge of Shock by Vehumet.
  4965 | D:6      | Found a shadowy altar of Dithmenos.
  5069 | D:6      | Reached XP level 8. HP: 39/62 MP: 6/13
  5281 | D:6      | Reached skill level 7 in Fire Magic
  5691 | D:6      | Reached skill level 8 in Fire Magic
  5822 | D:6      | Learned a level 4 spell: Flame Wave
  5828 | D:6      | Learned a level 5 spell: Fireball
  5832 | D:6      | Learned a level 3 spell: Swiftness
  5841 | D:6      | Reached skill level 5 in Spellcasting
  5842 | D:6      | Reached XP level 9. HP: 39/70 MP: 8/16
  5963 | D:8      | Reached skill level 1 in Evocations
  6137 | D:7      | Found a basalt altar of Yredelemnul.
  6345 | D:7      | HP: 3/70 [slime creature (16)]
  6368 | D:7      | Reached skill level 9 in Fire Magic
  6559 | D:7      | Engulfed by a cloud of flame

Illustrated notes

Levels and vault maps discovered:
D:1:      ldierk_walled_garden, layout_loops_ring, minmay_ruptured
D:2:      layout_basic, basic_altar, st_stairs_3,
          minmay_randomly_rotated_circles, uniq_jessica
D:3:      layout_loops_ring, minmay_goblin_kobold_house
D:4:      layout_gridville, grunt_temple_overflow_lords_of_destruction,
          serial_shops, shop, gammafunk_ghost_smash
D:5:      layout_basic, zin_angel, nicolae_gozag_conspicuous_consumption,
          minmay_temple_entry_hall, st_stairs_6, uniq_edmund
D:6:      layout_loops_cross, nicolae_dithmenos_through_a_glass_darkly
D:7:      layout_cave_pods, nicolae_yredelemnul_corpse_copse,
          gammafunk_temple_overflow_statue, gammafunk_ghost_hive, uniq_jeremiah,
          uniq_duvessa, uniq_maurice, uniq_maggie
D:8:      layout_cave_pods, nicolae_qazlal_eye_of_the_storm, lair_entry_dummy,
          hangedman_decor_opposing, nicolae_titane, uniq_pikel
Temple:   grunt_temple_mini_profane

Skill      XL: |  1  2  3  4  5  6  7  8  9 |
---------------+----------------------------+-----
Fire Magic     | 4 5 6 8 9 |  9.1
Spellcasting   | 2 3 5 |  5.8
Short Blades   | 1 |  1.1
Conjurations   | 1 2 |  2.8
Stealth        | 2 |  2.6
Armour         | 1 2 3 |  3.9
Fighting       | 1 2 3 |  3.6
Axes           | 1 2 3 4 |  4.4
Dodging        | 2 3 |  3.2
Evocations     | 1 |  1.2

Action                     |  1- 3 |  4- 6 |  7- 9 || total
---------------------------+-------+-------+-------++-------
  Melee: Short sword       |    84 |       |       ||    84
         Hand axe          |    17 |   115 |       ||   132
         War axe           |       |       |    94 ||    94
   Cast: Foxfire           |    27 |    28 |    48 ||   103
         Scorch            |     4 |    19 |    75 ||    98
         Flame Wave        |       |       |     5 ||     5
  Evoke: Wand              |       |     1 |     2 ||     3
    Use: Scroll            |       |       |     3 ||     3
         Potion            |       |       |     4 ||     4
   Stab: Sleeping          |     4 |       |       ||     4
         Paralysed         |       |     8 |       ||     8
 Armour: Robe              |    44 |       |       ||    44
         Leather armour    |     9 |    42 |   125 ||   176
         Ring mail         |       |    21 |    28 ||    49
  Dodge: Dodged            |    70 |   109 |   205 ||   384

Table legend: (Time is in decaauts)
 A = Elapsed time spent in this place.
 B = Non-inter-level travel time spent in this place.
 C = Inter-level travel time spent in this place.
 D = Time resting spent in this place.
 E = Time spent auto-exploring this place.
 F = Levels seen in this place.
 G = Mean time per level.
                   A        B        C        D        E       F      G
               +--------+--------+--------+--------+--------+-----+--------+
         Total |   6630 |   6439 |    191 |   1224 |     91 |   9 |  736.7 |
       Dungeon |   6626 |   6435 |    191 |   1224 |     91 |   8 |  828.2 |
        Temple |      3 |      3 |      0 |      0 |      0 |   1 |    3.0 |
               +--------+--------+--------+--------+--------+-----+--------+

Top non-repeatable levels by time:
     D:2: 1308 daAuts
     D:6: 1131 daAuts
     D:5: 1043 daAuts
     D:7: 1019 daAuts
     D:4: 833 daAuts
     D:3: 656 daAuts
     D:1: 619 daAuts
     D:8: 13 daAuts
  Temple: 3 daAuts
